Match 35716350
Unlisted

Match 35716350
End
Construct Infanterie Kompanie
Kettenkrad Recon Vehicle
Selects Luftwaffe Battlegroup
Selects Luftwaffe Pioneer Support
MG 42 Machine Gun Team
GrW 34 Mortar Team
Grenadier Squad
Construct Panzergrenadier Kompanie
Selects Stuka Strafing Run
Stuka Strafing Run
Panzergrenadier Squad
Panzergrenadier Squad
Pak 40 Anti-tank Gun Team
Pak 40 Anti-tank Gun Team
Fallschirmpioneer Squad Paradrop
Construct Panzer Kompanie
Medical Station
Sturmpanzer IV Brummbär
Side Skirts
Stuka Strafing Run
Selects Fallschirmjäger Squad Paradrop
Selects Stuka Loiter
Stuka Loiter
Fallschirmpioneer Squad Paradrop
251 Medium Carrier
Selects Flak 38 Anti-Air Emplacement
Selects Infantry Reserves
Sturmpanzer IV Brummbär
Stuka Strafing Run
Panzergrenadier Officer Quarters
Stuka Strafing Run
Stuka Strafing Run
251 Medium Carrier
Pak 40 Anti-tank Gun Team
Sturmpanzer IV Brummbär
Kettenkrad Recon Vehicle
Fallschirmpioneer Squad Paradrop
Fallschirmjäger Squad Paradrop
Stuka Strafing Run
Fallschirmjäger Squad Paradrop
matrix4x4
Frontmann
The_wolf_esp
poppy
Roosty
goby
0
0

Comments sign in to comment!

No comments posted yet!